 Dungeon Crawl Stone Soup version 0.32-a0-131-g9dbbe29261 (webtiles) character file.

Game seed: 12398128867581011341

560 Dittersdorf the Covered (level 7, -9/44 HPs)
             Began as a Gargoyle Fighter on Feb 8, 2024.
             Was an Initiate of Gozag.
             Mangled by Duvessa
             ... wielding a +0 short sword
              (11 damage)
             ... on level 4 of the Dungeon.
             The game lasted 00:03:05 (2865 turns).

Dittersdorf the Covered (Gargoyle Fighter)          Turns: 2865, Time: 00:03:06

Health: -9/44      AC: 15    Str: 22    XL:     7   Next: 31%
Magic:  7/7        EV:  8    Int:  8    God:    Gozag
Gold:   98         SH:  4    Dex:  9    Spells: 6/6 levels left

rFire   . . .        a - +0 flail
rCold   . . .        c - +0 buckler
rNeg    + . .        i - +0 chain mail
rPois   ∞            p - +0 helmet
rElec   +            (no cloak)
rCorr   .            (no gloves)
SInv    .            (no boots)
Will    .....        (no amulet) Stlth
                     (no ring)
HPRegen 0.27/turn    (no ring)
MPRegen 0.10/turn

%: no passive effects
@: lit by a corona, glowing
A: sickness immunity, AC +4, negative energy resistance 1, electricity
resistance, torment resistance 1, petrification resistance
a: Renounce Religion, Potion Petition, Call Merchant, Bribe Branch


You were on level 4 of the Dungeon.
You worshipped Gozag.
Gozag was noncommittal.
You visited 2 branches of the dungeon, and saw 5 of its levels.

You collected 144 gold pieces.
You paid 46 gold pieces to Gozag.

Inventory:

Hand Weapons
 a - a +0 flail (weapon)
Armour
 c - a +0 buckler (worn)
 i - a +0 chain mail (worn)
 p - a +0 helmet (worn)
Wands
 s - a wand of paralysis (6) (quivered)
Scrolls
 b - a scroll of immolation {unknown}
 e - a scroll of butterflies {unknown}
 f - 4 scrolls of poison {unknown}
 g - a scroll of fear {unknown}
 m - a scroll of noise {unknown}
 n - a scroll of revelation {unknown}
 o - 2 scrolls of identify {unknown}
Potions
 d - a potion of might
 h - a potion of mutation {unknown}
 j - a potion of brilliance {unknown}
 k - a potion of lignification {unknown}
 l - 2 potions of curing {unknown}
 q - a potion of heal wounds {unknown}
 r - a potion of enlightenment {unknown}


   Skills:
 + Level 5.2 Fighting
 + Level 4.2 Maces & Flails
 + Level 5.3 Armour
 + Level 5.2 Shields


You had 6 spell levels left.
You didn't know any spells.
Your spell library contained the following spells:

 Spells                   Type           Power      Damage    Failure   Level
 Call Imp                 Summ           0%         N/A       99%         2
 Summon Hydra             Summ           0%         N/A       100%        7
 Sublimation of Blood     Necr           Unusable   N/A       N/A         2

Dungeon Overview and Level Annotations

Branches:
Dungeon (4/15)             Temple (1/1) D:4

Altars:
Ashenzari
Cheibriados
Dithmenos
Elyvilon
Fedhas
Gozag
Kikubaaqudgha
Makhleb
Okawaru
Ru
Sif Muna
Trog
Vehumet
Wu Jian
Yredelemnul

Annotations:
D:4 Duvessa


Innate Abilities, Weirdness & Mutations

You are immune to sickness and miasma.
Your stone body is resilient. (AC +4)
You are immune to poison.
You resist negative energy. (rN+)
You are resistant to electric shocks. (rElec)
You are resistant to unholy torment.
You are immune to petrification.


Message History

You hit Duvessa but do no damage.
Duvessa is lightly wounded.
You block Duvessa's attack. Duvessa hits you but does no damage.
You closely miss Duvessa.
Duvessa is lightly wounded.
Duvessa hits you with a +0 short sword. Duvessa hits you but does no damage.
You completely miss Duvessa.
Duvessa is lightly wounded.
You block Duvessa's attack.
You closely miss Duvessa.
Duvessa is lightly wounded.
Duvessa hits you but does no damage. Duvessa hits you with a +0 short sword.
You are too injured to fight recklessly!
You are too injured to fight recklessly!
You are too injured to fight recklessly!
You are too injured to fight recklessly!
You are too injured to fight recklessly!
You are too injured to fight recklessly!
You are too injured to fight recklessly!
You are too injured to fight recklessly!
You are too injured to fight recklessly!
You are too injured to fight recklessly!
You are too injured to fight recklessly!
You barely miss Duvessa.
Duvessa is lightly wounded.
Duvessa hits you with a +0 short sword. Duvessa hits you but does no damage.
You closely miss Duvessa.
Duvessa is lightly wounded.
Duvessa hits you with a +0 short sword!
* * * LOW HITPOINT WARNING * * *
Duvessa hits you but does no damage.
You sock Duvessa!
Duvessa is lightly wounded.
Duvessa hits you but does no damage. Duvessa hits you with a +0 short sword.
* * * LOW HITPOINT WARNING * * *
Duvessa rages.
Duvessa attacks as she pursues you! Duvessa hits you but does no damage.
Duvessa attacks as she pursues you! Duvessa hits you with a +0 short sword!
You die...
Your body crumbles into a pile of gold.

# ...
#####.....
#..$..#
#e##### #.@#
##.## #...#
#.. #.ß.#
#.# #.[.#
#.# ###.###
#.# #.....#
#.# #.....#
#.#
######..>..#


You could see Duvessa (berserk, fast).

Vanquished Creatures
  Grinder (D:3)
  Eustachio (D:4)
  Dowan (D:4)
  Terence (D:2)
  Robin (D:2)
  4 gnolls (D:3)
  3 adders
  2 ribbon worms
  A dart slug (D:1)
  4 orcs (D:4)
  3 endoplasms
  4 giant cockroaches
  9 goblins
  5 hobgoblins
  2 quokkas
  6 ball pythons
  10 bats
  3 frilled lizards
  6 kobolds
  5 rats
72 creatures vanquished.

Notes
Turn   | Place    | Note
-------+----------+-------------------------------------------
     0 | D:1      | Dittersdorf the Gargoyle Fighter began the quest for the
                  | Orb.
     0 | D:1      | Reached XP level 1. HP: 14/14 MP: 1/1
    84 | D:1      | Reached XP level 2. HP: 19/19 MP: 2/2
   388 | D:1      | Found a faded altar of an unknown god.
   842 | D:2      | Reached XP level 3. HP: 22/23 MP: 3/3
   880 | D:2      | Identified the +3 hand axe "Orixizxo" {speed, rF+ Will+}
   911 | D:2      | Noticed Robin
   925 | D:2      | Killed Robin
  1078 | D:2      | Reached XP level 4. HP: 29/29 MP: 4/4
  1151 | D:2      | Noticed Terence
  1161 | D:2      | Killed Terence
  1851 | D:3      | Found a shimmering blue altar of Sif Muna.
  2011 | D:3      | Noticed Grinder
  2023 | D:3      | Paralysed by Grinder for 5 turns
  2034 | D:3      | Paralysed by Grinder for 3 turns
  2040 | D:3      | Killed Grinder
  2041 | D:3      | Reached XP level 5. HP: 16/34 MP: 5/5
  2041 | D:3      | Reached XP level 6. HP: 18/39 MP: 6/6
  2193 | D:3      | Found a snail-covered altar of Cheibriados.
  2430 | D:3      | Found a blossoming altar of Fedhas.
  2582 | D:4      | Noticed Eustachio
  2598 | D:4      | Killed Eustachio
  2599 | D:4      | Reached skill level 5 in Fighting
  2599 | D:4      | Reached skill level 5 in Armour
  2599 | D:4      | Reached skill level 5 in Shields
  2599 | D:4      | Reached XP level 7. HP: 44/44 MP: 7/7
  2806 | D:4      | Found a staircase to the Ecumenical Temple.
  2815 | Temple   | Entered the Ecumenical Temple
  2824 | Temple   | Became a worshipper of Gozag Ym Sagoz the Greedy
  2843 | D:4      | Noticed Duvessa
  2843 | D:4      | Noticed Dowan
  2854 | D:4      | Killed Dowan
  2863 | D:4      | HP: 1/44 [Duvessa/+0 short sword (5)]
  2865 | D:4      | Mangled by Duvessa

Illustrated notes

Levels and vault maps discovered:
D:1:      dpeg_arrival_boxorama, layout_loops_cross, basic_ecumenical_altar,
          minmay_small_reverse_x
D:2:      layout_basic, uniq_robin, uniq_terence
D:3:      layout_basic, mainiacjoe_overflow_alcove_2, cheibriados_altar_1,
          nicolae_overflow_hidden_temple, wad_floor_pattern_1, uniq_grinder
D:4:      layout_loops_ring, minmay_temple_entry_antechambers, uniq_duvessa,
          uniq_eustachio
Temple:   nicolae_temple_no_exploring_needed

Skill      XL: |  1  2  3  4  5  6 |
---------------+-------------------+-----
Fighting       | 4 5 |  5.2
Armour         | 4 5 |  5.3
Shields        | 4 5 |  5.2
Maces & Flails | 3 4 |  4.2

Action                     |  1- 3 |  4- 6 |  7- 9 || total
---------------------------+-------+-------+-------++-------
  Melee: Flail             |   102 |   122 |    34 ||   258
  Evoke: Wand              |       |     2 |       ||     2
   Stab: Paralysed         |       |     4 |       ||     4
 Armour: Scale mail        |    85 |    14 |       ||    99
         Chain mail        |       |    70 |    38 ||   108
  Dodge: Dodged            |    62 |    45 |     5 ||   112
  Block: Buckler           |    32 |    28 |     5 ||    65

Table legend: (Time is in decaauts)
 A = Elapsed time spent in this place.
 B = Non-inter-level travel time spent in this place.
 C = Inter-level travel time spent in this place.
 D = Time resting spent in this place.
 E = Time spent auto-exploring this place.
 F = Levels seen in this place.
 G = Mean time per level.
                   A        B        C        D        E       F      G
               +--------+--------+--------+--------+--------+-----+--------+
         Total |   2939 |   2828 |    111 |     96 |   2065 |   5 |  587.8 |
       Dungeon |   2920 |   2824 |     96 |     96 |   2065 |   4 |  730.0 |
        Temple |     18 |      3 |     15 |      0 |      0 |   1 |   18.0 |
               +--------+--------+--------+--------+--------+-----+--------+

Top non-repeatable levels by time:
     D:3: 990 daAuts
     D:2: 967 daAuts
     D:1: 671 daAuts
     D:4: 290 daAuts
  Temple: 18 daAuts
